 Dungeon Crawl Stone Soup version 0.26-a0-1184-g95e395e029 (webtiles) character file.

Game seed: 14598743352503450311

11862 frontbutt the Carver (level 11, 0/94 HPs)
             Began as a Demonspawn Gladiator on Dec 28, 2020.
             Was an Elder of Uskayaw.
             Slain by a two-headed ogre
             ... wielding a +0 giant spiked club
              (12 damage)
             ... on level 10 of the Dungeon.
             The game lasted 01:05:13 (17283 turns).

frontbutt the Carver (Demonspawn Gladiator)        Turns: 17283, Time: 01:05:13

Health: 0/94       AC: 18    Str: 17    XL:     11   Next: 54%
Magic:  0/17       EV:  5    Int: 11    God:    Uskayaw [****..]
Gold:   627        SH: 12    Dex: 16    Spells: 10/10 levels left

rFire    . . .     SeeInvis .   a - +0 long sword
rCold    + . .     Faith    .   N - +0 kite shield
rNeg     + . .     Spirit   +   M - +0 plate armour
rPois    .         Reflect  +   (helmet restricted)
rElec    .         Harm     .   f - +0 cloak {Stlth+}
rCorr    .         Rampage  .   (no gloves)
Will     +....                  y - +1 pair of boots
Stlth    ..........             i - amulet of reflection
HPRegen  0.25/turn              O - ring of protection from cold
MPRegen  0.30/turn              r - ring of positive energy

@: no status effects
A: horns 1, rugged brown scales 2, clever 1, strong-willed 1, magic shield,
magic regeneration
a: Renounce Religion, Stomp, Line Pass


You were on level 10 of the Dungeon.
You worshipped Uskayaw.
Uskayaw was aware of your devotion.
You visited 2 branches of the dungeon, and saw 12 of its levels.
You also visited: Sewer and Ossuary.

You collected 627 gold pieces.

Inventory:

Hand Weapons
 a - a +0 long sword (weapon)
 z - a +4 short sword
 A - a +0 vampiric dagger
Missiles
 d - 6 throwing nets (quivered)
 m - 25 poisoned darts
Armour
 f - a +0 cloak of stealth (worn)
 y - a +1 pair of boots (worn)
 M - a +0 plate armour (worn)
 N - a +0 kite shield (worn)
 P - quicksilver dragon scales
Jewellery
 i - an amulet of reflection (around neck)
 p - an uncursed ring of ice
 r - a ring of positive energy (right hand)
 t - a +4 ring of protection
 u - an uncursed ring of positive energy
 O - a ring of protection from cold (left hand)
 Q - an uncursed ring of fire
Wands
 c - a wand of polymorph (7)
 g - a wand of iceblast (13)
 j - a wand of enslavement (5)
 s - a wand of acid (1)
Scrolls
 b - 3 scrolls of fog
 e - 2 scrolls of magic mapping
 h - 9 scrolls of teleportation
 k - a scroll of immolation {unknown}
 o - 4 scrolls of remove curse
 q - a scroll of torment {unknown}
 w - a scroll of enchant armour {unknown}
 B - 2 scrolls of identify
 E - a scroll of fear {unknown}
 L - a scroll of enchant weapon {unknown}
Potions
 l - 2 potions of attraction
 n - 4 potions of ambrosia
 v - 3 potions of magic
 x - 5 potions of haste
 C - a potion of heal wounds
 D - a potion of might
 F - 2 potions of curing
 G - a potion of brilliance
 H - a potion of mutation
 I - a potion of lignification
 J - a potion of invisibility
 K - 2 potions of resistance


   Skills:
 + Level 10.0 Fighting
 + Level 10.6 Long Blades
 - Level 1.7 Throwing
 + Level 7.2 Armour
 - Level 5.2 Dodging
 + Level 8.0 Invocations


You had 10 spell levels left.
You didn't know any spells.
Your spell library contained the following spells:

 Spells                   Type           Power        Failure   Level
 Animate Skeleton         Necr           0%           100%        1
 Apportation              Tloc           0%           100%        1
 Beastly Appendage        Tmut           0%           100%        1
 Corona                   Hex            0%           100%        1
 Pain                     Necr           0%           100%        1
 Summon Small Mammal      Summ           0%           100%        1
 Wereblood                Tmut           0%           100%        2
 Spider Form              Tmut/Pois      0%           100%        3
 Vampiric Draining        Necr           0%           100%        3
 Animate Dead             Necr           0%           100%        4
 Ice Form                 Ice/Tmut       0%           100%        4
 Agony                    Necr           0%           100%        5
 Blade Hands              Tmut           0%           100%        5


Dungeon Overview and Level Annotations

Branches:
Dungeon (11/15)            Temple (1/1) D:7            Lair (0/6) D:10
  Sewer (visited)         Ossuary (visited)
    Orc: D:9-12

Altars:
Ashenzari
Cheibriados
Dithmenos
Elyvilon
Fedhas
Gozag
Hepliaklqana
Kikubaaqudgha
Makhleb
Nemelex Xobeh
Okawaru
Qazlal
Ru
Sif Muna
Trog
Uskayaw
Vehumet
Wu Jian
Xom
Yredelemnul
Zin
The Shining One
Beogh

Shops:
D:7 =   D:8 *

Annotations:
D:9 3 runed translucent doors, Hector's ghost, novice SpNe


Innate Abilities, Weirdness & Mutations

You have a pair of small horns on your head.
You are mostly covered in rugged brown scales. (AC +2, +5% HP)
When hurt, damage is shared between your health and your magic reserves.
You regenerate magic rapidly.
Your mind is acute. (Int +2)
You are strong-willed. (Will+)


Message History

You slash the two-headed ogre!
The two-headed ogre is severely wounded.
You block the two-headed ogre's attack.
The two-headed ogre hits you but does no damage.
You closely miss the two-headed ogre.
Your headbutt misses the two-headed ogre.
The two-headed ogre is severely wounded.
You hit the two-headed ogre but do no damage.
The two-headed ogre is severely wounded.
The two-headed ogre hits you with a +0 giant spiked club.
* * * LOW HITPOINT WARNING * * *
The two-headed ogre barely misses you.
You slash the two-headed ogre!
The two-headed ogre is severely wounded.
You block the two-headed ogre's attack. x2
Uskayaw will force your foes to share their pain.
You slash the two-headed ogre!
The two-headed ogre is almost dead.
The two-headed ogre hits you with a +0 giant spiked club!!
You die...

# ######## # #......####
########## ##### #
#.........###........# #.... #
#...>..##...@........####....
#####......######O>......##.'....
'..##......# #........#[.#....
##..#......# #........#.##....
###........# #......<['.##.... #
###......# #........####.... #
#).....# #........# #.... #
####.### #######'## #..). #.#
#.## #####


You could see a two-headed ogre.

Vanquished Creatures
  Harold (D:8)
  A tengu warrior (D:9)
  Pikel (D:4)
  Maurice (D:7)
  Joseph (D:8)
  Maggie (D:7)
  A tengu conjurer (D:9)
  2 hornets
  9 yaks
  2 wraiths
  3 wyverns (D:10)
  A basilisk (D:10)
  3 steam dragons
  4 water moccasins (D:10)
  3 sky beasts
  4 ice beasts
  7 orc warriors
  2 black bears
  A hornet zombie (D:8)
  A necrophage (D:9)
  3 centaurs
  3 phantoms
  3 wolves (D:10)
  2 lemures (D:3)
  4 big kobolds
  2 bullfrogs
  A wyvern zombie (D:7)
  4 scorpions
  3 killer bees (D:9)
  2 howler monkeys
  A crimson imp (D:4)
  A lava snake (D:10)
  4 bullfrog zombies
  3 centaur zombies
  7 hounds
  A bullfrog skeleton (D:10)
  A human zombie (Ossuary)
  9 orc priests
  A centaur skeleton (D:7)
  11 orc wizards
  5 iguanas
  Natasha (thrice) (D:3)
  6 worker ants
  2 mummies (Ossuary)
  A hound zombie (D:10)
  15 adders
  A river rat (Sewer)
  A hound simulacrum (D:10)
  A shadow imp (D:7)
  2 white imps
  8 oozes
  2 adder zombies (Ossuary)
  An adder skeleton (D:6)
  5 worms
  2 dart slugs (D:3)
  3 leopard geckos
  57 orcs
  15 giant cockroaches
  7 goblins
  12 hobgoblins
  14 jackals
  17 kobolds
  2 quokkas (D:9)
  5 ball pythons
  8 bats
  5 frilled lizards
  2 goblin zombies (Ossuary)
  11 hobgoblin zombies (Ossuary)
  A jackal skeleton (D:4)
  3 jackal zombies (Ossuary)
  5 kobold zombies (Ossuary)
  A leopard gecko skeleton (D:9)
  10 orc zombies (Ossuary)
  21 rats
  A rat zombie (Ossuary)
370 creatures vanquished.

Vanquished Creatures (collateral kills)
  An orc (D:8)
1 creature vanquished.

Vanquished Creatures (others)
  5 fungi (D:10)
  24 plants (D:10)
29 creatures vanquished.

Grand Total: 400 creatures vanquished

Notes
Turn   | Place    | Note
-------+----------+-------------------------------------------
     0 | D:1      | frontbutt the Demonspawn Gladiator began the quest for the
                  | Orb.
     0 | D:1      | Reached XP level 1. HP: 16/16 MP: 1/1
     1 | D:1      | Found a runed translucent door.
   298 | D:1      | Gained mutation: You are partially covered in rugged brown
                  | scales. (AC +1, +3% HP) [demonic ancestry]
   298 | D:1      | Reached XP level 2. HP: 7/22 MP: 2/2
  1083 | D:1      | Gained mutation: When hurt, damage is shared between your
                  | health and your magic reserves. [demonic ancestry]
  1083 | D:1      | Reached XP level 3. HP: 24/28 MP: 3/3
  1746 | D:2      | Gained mutation: You are mostly covered in rugged brown
                  | scales. (AC +2, +5% HP) [demonic ancestry]
  1746 | D:2      | Reached XP level 4. HP: 28/35 MP: 2/4
  2087 | D:2      | Found an iron altar of Okawaru.
  2109 | D:2      | Found a bloodstained altar of Trog.
  2310 | D:3      | Reached XP level 5. HP: 41/43 MP: 5/5
  2629 | D:3      | Reached skill level 5 in Long Blades
  3455 | D:3      | Reached XP level 6. HP: 49/50 MP: 6/6
  3471 | D:3      | Noticed Natasha
  3486 | D:3      | Killed Natasha
  3843 | D:3      | Noticed Natasha
  3850 | D:3      | Killed Natasha
  4049 | D:3      | Noticed Natasha
  4063 | D:3      | Killed Natasha
  5091 | D:4      | Found a burning altar of Makhleb.
  5091 | D:4      | Found a shimmering altar of Xom.
  5102 | D:4      | Paralysed by a crimson imp for 2 turns
  5333 | D:4      | Noticed Pikel
  5606 | D:3      | Reached XP level 7. HP: 38/57 MP: 3/7
  5860 | D:4      | Killed Pikel
  5861 | D:4      | Reached skill level 5 in Fighting
  5861 | D:4      | Reached XP level 8. HP: 46/66 MP: 5/8
  6024 | D:4      | Found a stormy altar of Qazlal.
  6365 | D:5      | Entered Level 5 of the Dungeon
  7218 | D:5      | Reached skill level 1 in Armour
  7435 | D:5      | Found an opulent altar of Gozag.
  8208 | D:6      | Found a glowing drain.
  8233 | Sewer    | Entered a sewer
  8663 | Sewer    | Gained mutation: You have a pair of small horns on your
                  | head. [potion of mutation]
  8663 | Sewer    | Gained mutation: You are strong-willed. (Will+) [potion of
                  | mutation]
  8663 | Sewer    | Gained mutation: Your mind is acute. (Int +2) [potion of
                  | mutation]
  8863 | D:6      | Gained mutation: You regenerate magic rapidly. [demonic
                  | ancestry]
  8863 | D:6      | Reached XP level 9. HP: 71/74 MP: 9/9
  8965 | D:6      | HP: 3/74 [something/ball of steam (12)]
  9991 | D:6      | Found a shimmering blue altar of Sif Muna.
 10182 | D:6      | Found an iron altar of Okawaru.
 10287 | D:7      | Found a sand-covered staircase.
 10290 | Ossuary  | Entered an ossuary
 10724 | D:7      | Found Ehihad's Jewellery Boutique.
 10857 | D:7      | Found a staircase to the Ecumenical Temple.
 10876 | D:7      | Found a snail-covered altar of Cheibriados.
 10888 | D:7      | Reached skill level 5 in Dodging
 10900 | D:7      | Noticed Maggie
 10927 | D:7      | Killed Maggie
 10935 | Temple   | Entered the Ecumenical Temple
 11318 | Temple   | Became a worshipper of Uskayaw the Reveller
 11416 | D:7      | Reached * piety under Uskayaw
 11425 | D:7      | Reached ** piety under Uskayaw
 11586 | D:7      | Reached skill level 1 in Invocations
 11859 | D:8      | Noticed Maurice
 11897 | D:8      | Reached *** piety under Uskayaw
 11969 | D:7      | Killed Maurice
 11970 | D:7      | Mutation became permanent: You have a pair of small horns
                  | on your head. [demonic ancestry]
 11970 | D:7      | Gained mutation: You have a pair of small horns on your
                  | head. [demonic ancestry]
 11970 | D:7      | Reached XP level 10. HP: 84/84 MP: 11/11
 12120 | D:8      | Noticed Harold
 12129 | D:8      | Paralysed by Harold for 2 turns
 12173 | D:8      | Killed Harold
 12174 | D:8      | Reached skill level 5 in Armour
 12381 | D:8      | Found Noanall's Needful Niceties.
 12400 | D:8      | Noticed Joseph
 12420 | D:8      | Killed Joseph
 12420 | D:8      | Reached **** piety under Uskayaw
 12485 | D:8      | Paralysed by a hornet for 1 turns
 12496 | D:8      | Paralysed by a hornet for 1 turns
 12518 | D:8      | HP: 4/86 [poisoned by a hornet]
 12524 | D:8      | HP: 4/86 [poisoned by a hornet]
 12532 | D:8      | HP: 4/86 [poisoned by a hornet]
 13336 | D:9      | Reached ***** piety under Uskayaw
 13337 | D:9      | Reached skill level 5 in Invocations
 13434 | D:9      | Found a runed translucent gate.
 13435 | D:9      | Found a runed translucent gate.
 13435 | D:9      | Found a runed translucent gate.
 13435 | D:9      | Noticed Hector's ghost (novice SpNe)
 13435 | D:9      | Identified the +3 rapier of Fimbulwinter {vorpal, rElec
                  | rN+++ MP+9}
 13435 | D:9      | Identified the +6 chain mail of Perfidy {rPois}
 13444 | D:9      | Found a roughly hewn altar of Beogh.
 13495 | D:9      | Noticed a tengu warrior
 13523 | D:9      | Killed a tengu warrior
 13533 | D:9      | Reached skill level 10 in Long Blades
 14440 | D:9      | Reached XP level 11. HP: 62/93 MP: 15/15
 15051 | D:10     | Entered Level 10 of the Dungeon
 15608 | D:10     | Reached ****** piety under Uskayaw
 16145 | D:10     | Found a staircase to the Lair.
 16636 | D:10     | Paralysed by a hornet for 3 turns
 16643 | D:10     | Paralysed by a hornet for 2 turns
 16650 | D:10     | Paralysed by a hornet for 3 turns
 17174 | D:11     | Reached skill level 10 in Fighting
 17257 | D:11     | Noticed a two-headed ogre
 17283 | D:10     | Slain by a two-headed ogre

Illustrated notes

Levels and vault maps discovered:
D:1:      dpeg_arrival_caged_fury, layout_basic, corexii_hall_statues_i,
          chequers_serial_rivers_micro_b
D:2:      layout_rooms, lemuel_doored_altar, okawaru_trees_1
D:3:      layout_loops_ring, uniq_natasha
D:4:      cheibrodos_pilgrimage, layout_rooms,
          grunt_temple_overflow_champion_of_chaos,
          nicolae_qazlal_general_emergency, uniq_pikel
D:5:      layout_loops_corners, general_overflow_altar, abandoned_shop,
          guppyfry_early_orc_mine
D:6:      cheibrodos_steamvent, layout_basic, kennysheep_little_box,
          led_sif_book, cheibrodos_sewer_entry_drain, corner_web_ring,
          kennysheep_potato
D:7:      layout_loops_ring, minmay_temple_entry_ruins,
          lightli_ossuary_entry_decrepit_ruins, serial_shops,
          nicolae_shop_statue_plus, cheibriados_altar_1, uniq_maggie
D:8:      layout_cave_pools, chequers_serial_rivers_large_b,
          nicolae_alphabet_shops, uniq_joseph, uniq_harold, uniq_maurice
D:9:      layout_stronghold, biasface_ghost_orc_armoury
D:10:     layout_roguey, minmay_lair_entry_grove, kennysheep_cross_room,
          hangedman_weighted_door, kennysheep_generic_room_12
D:11:     layout_cave_pools, lemuel_mausoleum_altar_kikubaaqudgha
Temple:   regret_index_temple_waves

Skill      XL: |  1  2  3  4  5  6  7  8  9 10 11 |
---------------+----------------------------------+-----
Long Blades    | 3 4 5 6 7 8 9 10 | 10.6
Fighting       | 3 4 5 6 8 9 10 | 10.0
Dodging        | 4 5 |  5.2
Armour         | 2 4 6 7 |  7.2
Invocations    | 2 6 8 |  8.0
Throwing       | |  1.7

Action                   |  1- 3 |  4- 6 |  7- 9 | 10-12 || total
-------------------------+-------+-------+-------+-------++-------
Melee: Long sword        |   136 |   374 |   650 |   550 ||  1710
       Headbutt          |       |       |    86 |   131 ||   217
Throw: Dart              |       |     5 |     8 |       ||    13
       Throwing net      |       |       |       |     1 ||     1
Invok: Grand Finale      |       |       |       |     1 ||     1
Evoke: Wand              |       |       |     8 |     1 ||     9
  Use: Scroll            |       |       |    13 |     4 ||    17
       Potion            |       |       |     2 |     4 ||     6
 Stab: Sleeping          |       |     2 |       |       ||     2
       Paralysed         |       |       |       |    27 ||    27
Armor: Leather armour    |    44 |    33 |       |       ||    77
       Chain mail        |       |   250 |   290 |       ||   540
       Plate armour      |       |       |    57 |   321 ||   378
       Skin              |       |       |       |    19 ||    19
Dodge: Dodged            |   109 |   210 |   214 |   111 ||   644
Block: Other             |       |       |    70 |    11 ||    81
       Kite shield       |       |       |       |   343 ||   343
       Reflection        |       |       |       |    15 ||    15
       Rpst.: Long sword |    44 |    50 |    55 |    36 ||   185

Table legend: (Time is in decaauts)
 A = Elapsed time spent in this place.
 B = Non-inter-level travel time spent in this place.
 C = Inter-level travel time spent in this place.
 D = Time resting spent in this place.
 E = Time spent auto-exploring this place.
 F = Levels seen in this place.
 G = Mean time per level.
                   A        B        C        D        E       F      G
               +--------+--------+--------+--------+--------+-----+--------+
         Total |  17510 |  17046 |    464 |   5811 |   6432 |  14 | 1250.7 |
       Dungeon |  16240 |  15793 |    447 |   5747 |   5999 |  11 | 1476.4 |
        Temple |    404 |    387 |     17 |      0 |    363 |   1 |  404.0 |
         Sewer |    521 |    521 |      0 |      0 |     43 |   1 |  521.0 |
       Ossuary |    343 |    343 |      0 |     64 |     26 |   1 |  343.0 |
               +--------+--------+--------+--------+--------+-----+--------+

Top non-repeatable levels by time:
     D:3: 3003 daAuts
    D:10: 2204 daAuts
     D:5: 1957 daAuts
     D:9: 1937 daAuts
     D:4: 1570 daAuts
     D:1: 1253 daAuts
     D:8: 1153 daAuts
     D:2: 1083 daAuts
     D:6: 1055 daAuts
     D:7: 969 daAuts
   Sewer: 521 daAuts
  Temple: 404 daAuts
 Ossuary: 343 daAuts
    D:11: 50 daAuts
